 Dungeon Crawl Stone Soup version 0.23.0 (webtiles) character file.

Game seed: 5333135649604036306

133002 DocClef the Blocker (level 17, 0/135 HPs)
             Began as a Gnoll Fighter on Feb 17, 2019.
             Was the Champion of Okawaru.
             Blown up by an orb spider (30 damage)
             ... with an orb of destruction
             ... on level 1 of the Spider Nest.
             The game lasted 00:56:44 (25079 turns).

DocClef the Blocker (Gnoll Fighter)                Turns: 25079, Time: 00:56:44

Health: 0/135      AC: 31    Str: 29    XL:     17   Next: 13%
Magic:  0/32       EV: 15    Int: 10    God:    Okawaru [******]
Gold:   2834       SH:  0    Dex: 16    Spells: 38/38 levels left

rFire    . . .     SeeInvis .   l - +8 lajatang (elec)
rCold    + + +     Gourm    .   (shield currently unavailable)
rNeg     . . .     Faith    .   I - +6 chain mail of the Lost Dances {rElec rF- rC+++ Int-2}
rPois    +         Spirit   +   K - +2 hat of Somewhere Else {-Cast -Tele rPois rC+++}
rElec    +         Reflect  .   S - scarf {Spirit}
rCorr    .         Harm     .   h - +1 pair of gloves of Ufasysy {+Inv rElec Regen+}
MR       ++...     NoTele   +   A - +2 pair of boots Stlth +.........NoCast +
                                Q - amulet of magic regeneration
HPRegen  0.72/turn              d - +4 ring of protection
MPRegen  0.48/turn              Z - ring "Qailum Pash" {rElec rF+ rC- Str+4 Int+2}

@: lethally poisoned (0 -> -1), contaminated, glowing, studying Air Magic,
drained
A: distributed training, fangs 1, magic resistance 1, shaggy fur 1, strong nose
a: Heroism, Finesse, Renounce Religion, Evoke Invisibility


You were on level 1 of the Spider Nest.
You worshipped Okawaru.
Okawaru was exalted by your worship.
You were not hungry.

You visited 6 branches of the dungeon, and saw 28 of its levels.
You also visited: Bailey, Ice Cave and Volcano.

You collected 3647 gold pieces.
You spent 813 gold pieces at shops.

Inventory:

Hand Weapons
 l - a +8 lajatang of electrocution (weapon)
 v - a +4 scimitar of flaming
Missiles
 b - 6 javelins of returning (quivered)
 y - 8 javelins of penetration
 L - 15 tomahawks of returning
 R - 4 poisoned javelins
 X - 3 tomahawks of dispersal
Armour
 h - the +1 pair of gloves of Ufasysy (worn) {+Inv rElec Regen+}
   (You found it on level 6 of the Dungeon)

   It insulates you from electricity.
   It lets you turn invisible.
   It increases your rate of regeneration.
 A - a +2 pair of boots (worn)
 I - the +6 chain mail of the Lost Dances (worn) {rElec rF- rC+++ Int-2}
   (You found it on level 2 of the Lair of Beasts)

   It affects your intelligence (-2).
   It makes you vulnerable to fire.
   It renders you almost immune to cold.
   It insulates you from electricity.
 K - the +2 hat of Somewhere Else (worn) {-Cast -Tele rPois rC+++}
   (You found it in an ice cave)

   It renders you almost immune to cold.
   It protects you from poison.
   It prevents spellcasting.
   It prevents most forms of teleportation.
 S - a scarf of spirit shield (worn)
Jewellery
 d - a +4 ring of protection (left hand)
 o - a +2 ring of slaying
 E - a +5 ring of strength
 Q - an amulet of magic regeneration (around neck)
 Y - an uncursed ring of positive energy
 Z - the ring "Qailum Pash" (right hand) {rElec rF+ rC- Str+4 Int+2}
   (You bought it in a shop on level 4 of the Dungeon)

   [ring of strength]

   It affects your strength (+4).
   It affects your intelligence (+2).
   It protects you from fire.
   It makes you vulnerable to cold.
   It insulates you from electricity.
Wands
 g - a wand of polymorph (29)
 j - a wand of paralysis (6)
 k - a wand of digging (5)
 t - a wand of acid (15)
 w - a wand of iceblast (8)
 z - a wand of enslavement (33)
 B - a wand of flame (17)
 D - a wand of random effects (14)
 T - a wand of disintegration (12)
 V - a wand of clouds (4)
 W - a wand of scattershot (6)
Scrolls
 e - 14 scrolls of teleportation
 i - 17 scrolls of remove curse
 q - 2 scrolls of magic mapping
 u - 2 scrolls of blinking
 J - a scroll of identify
 N - 5 scrolls of amnesia
Potions
 c - a potion of ambrosia
 m - 3 potions of heal wounds
 n - 5 potions of flight
 p - 3 potions of curing
 r - a potion of berserk rage
 s - 3 potions of brilliance
 x - a potion of magic {unknown}
 C - a potion of agility
 F - 2 potions of haste
 H - 2 potions of resistance
 O - 7 potions of mutation
 P - 2 potions of might
Books
 a - a manual of Air Magic
Miscellaneous
 G - 2 boxes of beasts
Comestibles
 f - 42 rations


   Skills:
 + Level 12.6(11.3) Fighting
 + Level 11.1(9.9) Short Blades
 + Level 11.1(9.9) Long Blades
 + Level 11.1(9.9) Axes
 + Level 11.9(10.7) Maces & Flails
 + Level 11.1(9.9) Polearms
 + Level 11.1(9.9) Staves
 + Level 11.1(9.9) Slings
 + Level 11.1(9.9) Bows
 + Level 11.1(9.9) Crossbows
 + Level 11.1(9.9) Throwing
 + Level 12.6(11.3) Armour
 + Level 11.1(9.9) Dodging
 + Level 11.1(9.9) Stealth
 + Level 12.6(11.3) Shields
 + Level 11.1(9.9) Unarmed Combat
 + Level 11.1(9.9) Spellcasting
 + Level 9.5(8.3) Conjurations
 + Level 9.5(8.3) Hexes
 + Level 9.5(8.3) Charms
 + Level 9.5(8.3) Summonings
 + Level 9.5(8.3) Necromancy
 + Level 9.5(8.3) Translocations
 + Level 9.5(8.3) Transmutations
 + Level 9.5(8.3) Fire Magic
 + Level 9.5(8.3) Ice Magic
 + Level 12.3(11.0) Air Magic
 + Level 9.5(8.3) Earth Magic
 + Level 9.5(8.3) Poison Magic
 + Level 12.0(10.7) Invocations
 + Level 11.1(9.9) Evocations


You had 38 spell levels left.
You didn't know any spells.
Your spell library contained the following spells:

 Spells                   Type           Power        Failure   Level  Hunger
 Animate Skeleton         Necr           N/A          1%          1    None
 Apportation              Tloc           ###...       1%          1    None
 Beastly Appendage        Tmut           ###...       1%          1    None
 Confusing Touch          Hex            ###...       1%          1    None
 Corona                   Hex            ###....      1%          1    None
 Magic Dart               Conj           ###.         1%          1    None
 Shock                    Conj/Air       ###.         1%          1    None
 Sting                    Conj/Pois      ###.         1%          1    None
 Summon Butterflies       Summ           ###.....     1%          1    None
 Summon Small Mammal      Summ           ###.         1%          1    None
 Poisonous Vapours        Pois/Air       ###...       1%          2    #......
 Swiftness                Chrm/Air       ###.....     1%          2    #......
 Ensorcelled Hibernation  Hex/Ice        ###...       2%          2    #......
 Sticks to Snakes         Tmut           ###.....     2%          2    #......
 Mephitic Cloud           Conj/Pois/Air  ###.....     3%          3    ##.....
 Static Discharge         Conj/Air       ###.....     3%          3    ##.....
 Call Canine Familiar     Summ           ###.....     5%          3    ##.....
 Confuse                  Hex            ###.....     5%          3    ##.....
 Dazzling Spray           Conj/Hex       ###...       5%          3    ##.....
 Ignite Poison            Fire/Tmut/Pois ###.....     5%          3    ##.....
 Inner Flame              Hex/Fire       ###.....     5%          3    ##.....
 Spider Form              Tmut/Pois      ###.......   5%          3    ##.....
 Tukima's Dance           Hex            ###.....     5%          3    ##.....
 Airstrike                Air            ####......   5%          4    ####...
 Ice Form                 Ice/Tmut       ###.....     17%         4    ####...
 Olgreb's Toxic Radiance  Pois           ###.....     17%         4    ####...
 Summon Ice Beast         Ice/Summ       ###.....     17%         4    ####...
 Lightning Bolt           Conj/Air       ###.......   26%         5    ######.
 Blade Hands              Tmut           ###.......   43%         5    ######.
 Fireball                 Conj/Fire      ###.......   43%         5    ######.
 Irradiate                Conj/Tmut      ###.......   43%         5    ######.
 Metabolic Englaciation   Hex/Ice        ###.......   43%         5    ######.
 Summon Mana Viper        Hex/Summ       ###.....     43%         5    ######.
 Venom Bolt               Conj/Pois      ###.......   43%         5    ######.
 Freezing Cloud           Conj/Ice/Air   ###.......   88%         6    #######
 Bolt of Cold             Conj/Ice       ###.......   95%         6    #######
 Bolt of Fire             Conj/Fire      ###.......   95%         6    #######
 Hydra Form               Tmut           ###.......   95%         6    #######
 Ozocubu's Refrigeration  Ice            ###.......   95%         6    #######
 Simulacrum               Ice/Necr       ###.......   95%         6    #######
 Statue Form              Tmut/Erth      ###......    95%         6    #######
 Dragon Form              Tmut           ###.......   100%        7    #######
 Malign Gateway           Summ/Tloc      ###.......   100%        7    #######
 Monstrous Menagerie      Summ           ###.......   100%        7    #######
 Ring of Flames           Chrm/Fire      ###.......   100%        7    #######
 Summon Greater Demon     Summ           ###.......   100%        7    #######
 Summon Hydra             Summ           ###.......   100%        7    #######
 Ignition                 Fire           ###.......   100%        8    #######
 Summon Horrible Things   Summ           ###.......   100%        8    #######


Dungeon Overview and Level Annotations

Branches:
Dungeon (15/15)            Temple (1/1) D:5            Lair (6/6) D:10
 Shoals (3/4) Lair:3       Spider (1/4) Lair:3        Slime (0/5) Lair:5
    Orc (2/2) D:12            Elf (0/3) Orc:2        Vaults (0/5) D:14
 Depths (0/5) D:15

Altars:
Ashenzari
Cheibriados
Dithmenos
Elyvilon
Fedhas
Gozag
Hepliaklqana
Kikubaaqudgha
Makhleb
Nemelex Xobeh
Okawaru
Qazlal
Ru
Sif Muna
Trog
Uskayaw
Vehumet
Wu Jian
Xom
Yredelemnul
Zin
The Shining One
Beogh
Jiyva

Shops:
D:4 }=?   D:5 :   D:9 *   Orc:1 (   Orc:2 (=((}

Portals:
Hell: Lair:6

Annotations:
D:8 3 runed translucent doors, deifeln's ghost, novice TeBe
D:13 Frances
Orc:1 2 transporters, Cegaung's ghost, journeyman TrMo


Innate Abilities, Weirdness & Mutations

Your experience applies equally to all skills.
You have very sharp teeth.
Your uncanny sense of smell can sniff out nearby items.
You are resistant to hostile enchantments. (MR+)
You are covered in fur. (AC +1)


Message History

Throwing (i - inventory. (/) - cycle)
b - 6 javelins of returning (quivered)
Press: ? - help, Shift-Dir - straight line, f/p - orb spider
Aim: an orb spider (fully charged)
You throw a javelin of returning.
The javelin of returning hits the orb spider.
The orb spider is lightly wounded.
The javelin of returning returns to your pack!
The orb spider weaves a glowing orb of energy.
An orb of destruction comes into view.
Throwing (i - inventory. (/) - cycle)
b - 6 javelins of returning (quivered)
Press: ? - help, Shift-Dir - straight line, f/p - orb spider
Aim: an orb spider (lightly wounded)
You throw a javelin of returning.
The javelin of returning hits the orb spider!
The orb spider is moderately wounded.
The javelin of returning returns to your pack!
You feel sick.
You feel like a meek peon again.
You feel sick. The orb of destruction hits you!!!
You die...

####...#.# ..#.....#
.....#[.###
∆....#.%..# .
#..(....#
#....#..^°#..#
##...)#..s○..##
..........†.°○..#
.........#.†@...#
#......#.#...####
.#........#....#
....#.....#....#
###...#...#......#
#.........#...#....#
##....##.^>..........#
#.......#..#........##
.....(..#^.#........#


You could see an orb spider.

Vanquished Creatures
  Kirke (Lair:6)
  2 orc warlords
  A frost giant (IceCv)
  An ironheart preserver (D:14)
  Nessos (Lair:4)
  A red draconian (Volcano)
  A merfolk javelineer (Shoals:3)
  Snorg (D:14)
  An ettin (D:12)
  3 merfolk impalers
  Josephine (Lair:6)
  7 hydras
  A rakshasa (D:15)
  A hell beast (Lair:6)
  2 merfolk avatars
  A merfolk aquamancer (Shoals:3)
  5 centaur warriors
  Erica (D:10)
  2 tengu warriors (D:14)
  3 satyrs (Shoals:3)
  A satyr (shapeshifter) (D:15)
  A deep troll earth mage (D:12)
  3 death yaks (Lair:5)
  Nergalle (D:12)
  An orc high priest (D:12)
  Urug (D:13)
  Sonja (D:13)
  A salamander mystic (Volcano)
  4 sea snakes
  A deep troll (D:15)
  2 wizards
  An obsidian statue (Volcano)
  A lindwurm (Lair:1)
  5 harpies (Shoals:3)
  A phantasmal warrior (D:12)
  12 orc knights
  2 wolf spiders
  4 deep elf magi
  12 fauns
  9 ugly things
  4 cyclopes
  3 orc sorcerers
  2 oklob plants
  2 orb spiders (Spider:1)
  5 manticores
  2 salamanders (Volcano)
  6 merfolk sirens
  Maurice (D:8)
  A water nymph (Shoals:3)
  9 elephants
  3 black mambas
  3 ice statues
  A torpor snail (Spider:1)
  A centaur skeleton (D:12)
  2 gargoyles (D:14)
  15 spiny frogs
  2 orange demons (Lair:6)
  2 kobold demonologists
  9 komodo dragons
  5 rime drakes
  3 ice devils (Lair:6)
  2 efreet
  A hellwing (Lair:6)
  A queen bee (shapeshifter) (D:15)
  A red devil (Lair:6)
  4 wind drakes
  14 polar bears (IceCv)
  3 trolls
  9 merfolk
  9 jumping spiders
  5 snapping turtles
  5 blink frogs (Lair:2)
  8 hippogriffs
  4 slime creatures (D:15)
  10 dream sheep (Lair:5)
  4 water elementals
  4 shadows
  A centaur simulacrum (D:14)
  10 redbacks
  A vampire (D:14)
  7 fire bats (Volcano)
  5 wyverns
  A basilisk (shapeshifter) (D:14)
  A hog (shapeshifter) (D:15)
  A human (shapeshifter) (D:15)
  51 yaks
  2 basilisks
  5 vampire mosquitoes
  6 wraiths
  A hog (Lair:6)
  5 hungry ghosts
  A soldier ant (D:15)
  6 wargs
  4 hell hounds (Lair:6)
  10 water moccasins
  8 porcupines
  61 orc warriors
  An ice beast (D:13)
  A black bear (D:6)
  2 phantoms
  An eye of draining (D:9)
  A necrophage (D:6)
  3 sky beasts
  3 boggarts (D:15)
  A tengu (shapeshifter) (D:15)
  16 ogres
  18 wolves
  24 centaurs
  9 crocodiles
  2 big kobolds
  26 bullfrogs
  4 scorpions
  A troll zombie (D:12)
  4 killer bees (D:13)
  A wight (D:12)
  A howler monkey (D:4)
  An electric eel (D:12)
  8 jellies
  10 crimson imps
  A bullfrog zombie (D:12)
  4 lava snakes (Volcano)
  A centaur zombie (D:6)
  9 hounds
  3 bullfrog skeletons
  21 orc priests
  22 orc wizards
  2 iguanas
  Jessica (D:3)
  9 worker ants
  A killer bee zombie (D:8)
  5 ogre zombies (D:12)
  A hound zombie (D:8)
  A worker ant zombie (D:9)
  8 gnolls
  9 adders
  A river rat (Lair:3)
  7 shadow imps
  2 oozes
  An adder zombie (D:8)
  An adder skeleton (D:10)
  5 worms
  5 dart slugs
  5 leopard geckos
  114 orcs
  3 ball pythons
  13 bats
  2 giant cockroaches
  2 gnoll zombies (D:6)
  7 goblins
  4 hobgoblins
  16 jackals
  14 kobolds
  6 quokkas
  5 frilled lizards
  3 goblin skeletons
  2 goblin zombies
  2 hobgoblin skeletons (D:12)
  A hobgoblin zombie (D:7)
  A kobold skeleton (D:7)
  2 kobold zombies (D:7)
  A leopard gecko skeleton (D:7)
  6 orc skeletons
  10 orc zombies (D:12)
  2 quokka skeletons (D:4)
  8 rats
  2 plants
942 creatures vanquished.

Vanquished Creatures (others)
  A redback (Spider:1)
  A water elemental (D:13)
  2 humans (Lair:6)
  A black bear (D:13)
  A bullfrog (D:6)
  An electric eel (D:13)
  2 orc priests (D:6)
  2 orc wizards
  An orc (D:6)
  5 fungi
  3 plants
20 creatures vanquished.

Grand Total: 962 creatures vanquished

Notes
Turn   | Place    | Note
-------+----------+-------------------------------------------
     0 | D:1      | DocClef the Gnoll Fighter began the quest for the Orb.
     0 | D:1      | Reached XP level 1. HP: 23/23 MP: 1/1
    65 | D:1      | Reached XP level 2. HP: 29/29 MP: 2/2
   124 | D:1      | Reached XP level 3. HP: 33/35 MP: 3/3
   291 | D:1      | Reached skill level 1 in Invocations
   448 | D:2      | Reached skill level 1 in Short Blades
   448 | D:2      | Reached skill level 1 in Long Blades
   448 | D:2      | Reached skill level 1 in Axes
   448 | D:2      | Reached skill level 1 in Polearms
   448 | D:2      | Reached skill level 1 in Staves
   448 | D:2      | Reached skill level 1 in Slings
   448 | D:2      | Reached skill level 1 in Bows
   448 | D:2      | Reached skill level 1 in Crossbows
   448 | D:2      | Reached skill level 1 in Throwing
   448 | D:2      | Reached skill level 1 in Dodging
   448 | D:2      | Reached skill level 1 in Stealth
   448 | D:2      | Reached skill level 1 in Unarmed Combat
   448 | D:2      | Reached skill level 1 in Spellcasting
   448 | D:2      | Reached skill level 1 in Evocations
   448 | D:2      | Reached XP level 4. HP: 36/41 MP: 5/5
   543 | D:2      | Reached skill level 1 in Conjurations
   543 | D:2      | Reached skill level 1 in Hexes
   543 | D:2      | Reached skill level 1 in Charms
   543 | D:2      | Reached skill level 1 in Summonings
   543 | D:2      | Reached skill level 1 in Necromancy
   543 | D:2      | Reached skill level 1 in Translocations
   543 | D:2      | Reached skill level 1 in Transmutations
   543 | D:2      | Reached skill level 1 in Fire Magic
   543 | D:2      | Reached skill level 1 in Ice Magic
   543 | D:2      | Reached skill level 1 in Air Magic
   543 | D:2      | Reached skill level 1 in Earth Magic
   543 | D:2      | Reached skill level 1 in Poison Magic
   567 | D:2      | Reached XP level 5. HP: 9/47 MP: 5/7
   923 | D:2      | Found a hide-covered altar of Uskayaw.
  1808 | D:3      | Noticed Jessica
  1813 | D:3      | Killed Jessica
  1934 | D:3      | Reached XP level 6. HP: 53/53 MP: 8/8
  2564 | D:4      | Found Xawneko's Jewellery Boutique.
  2740 | D:4      | Found Wuuf's Magic Scroll Shop.
  2748 | D:4      | Bought a scroll of remove curse for 39 gold pieces
  2748 | D:4      | Bought a scroll of enchant weapon for 97 gold pieces
  2827 | D:4      | Found Sunuon's Gadget Shop.
  3308 | D:5      | Entered Level 5 of the Dungeon
  3315 | D:5      | Reached skill level 5 in Maces & Flails
  3372 | D:5      | Found a staircase to the Ecumenical Temple.
  3445 | Temple   | Entered the Ecumenical Temple
  3689 | D:5      | Found a shattered altar of Ashenzari.
  3707 | D:5      | Found Calip's Book Shoppe.
  3757 | D:5      | Found a hazy altar of Hepliaklqana.
  4338 | D:6      | Noticed a necrophage
  4352 | D:6      | Killed a necrophage
  4352 | D:6      | Reached XP level 7. HP: 56/59 MP: 10/10
  4379 | D:6      | Found a basalt altar of Yredelemnul.
  4595 | D:6      | Gained mutation: You occasionally shout uncontrollably at
                  | your foes. [potion of mutation]
  4595 | D:6      | Gained mutation: You sometimes yell uncontrollably at your
                  | foes. [potion of mutation]
  4595 | D:6      | Gained mutation: You have sharp toenails. [potion of
                  | mutation]
  4595 | D:6      | Gained mutation: You are somewhat resistant to further
                  | mutation. [potion of mutation]
  4596 | D:6      | Lost mutation: You have sharp toenails. [potion of
                  | mutation]
  4596 | D:6      | Lost mutation: You are somewhat resistant to further
                  | mutation. [potion of mutation]
  4596 | D:6      | Lost mutation: You sometimes yell uncontrollably at your
                  | foes. [potion of mutation]
  4596 | D:6      | Lost mutation: You occasionally shout uncontrollably at
                  | your foes. [potion of mutation]
  4596 | D:6      | Gained mutation: You are resistant to hostile enchantments.
                  | (MR+) [potion of mutation]
  4596 | D:6      | Gained mutation: You are covered in fur. (AC +1) [potion of
                  | mutation]
  4613 | D:6      | HP: 3/60 [orc warrior/+0 trident (1)]
  4708 | D:6      | Got a pair of fine gloves
  4726 | D:6      | Reached XP level 8. HP: 51/67 MP: 12/12
  4736 | D:6      | Identified the +1 pair of gloves of Ufasysy {+Inv rElec
                  | Regen+} (You found it on level 6 of the Dungeon)
  4766 | D:6      | Found a glowing golden altar of the Shining One.
  4783 | D:6      | Found a shimmering altar of Xom.
  5266 | D:7      | Found a flagged portal.
  5313 | Bailey   | Entered a bailey
  5813 | Bailey   | Reached XP level 9. HP: 60/72 MP: 14/14
  6303 | Bailey   | Identified a scroll of acquirement
  6553 | D:7      | Found an ornate altar of the Wu Jian Council.
  6553 | D:7      | Found an iron altar of Okawaru.
  6554 | D:7      | Found an ancient bone altar of Kikubaaqudgha.
  6714 | D:7      | Found a glowing golden altar of the Shining One.
  6990 | D:8      | Paralysed by fainting for 10 turns
  7003 | D:8      | Reached skill level 5 in Invocations
  7092 | D:8      | Noticed Maurice
  7104 | D:8      | Killed Maurice
  7104 | D:8      | Reached XP level 10. HP: 80/80 MP: 15/17
  7209 | D:7      | Found a stormy altar of Qazlal.
  7209 | D:7      | Found a snail-covered altar of Cheibriados.
  7220 | D:7      | Became a worshipper of Warmaster Okawaru
  7314 | D:8      | Found a snail-covered altar of Cheibriados.
  7364 | D:8      | Noticed a manticore
  7366 | D:8      | Reached skill level 5 in Short Blades
  7366 | D:8      | Reached skill level 5 in Long Blades
  7366 | D:8      | Reached skill level 5 in Axes
  7366 | D:8      | Reached skill level 5 in Polearms
  7366 | D:8      | Reached skill level 5 in Staves
  7366 | D:8      | Reached skill level 5 in Slings
  7366 | D:8      | Reached skill level 5 in Bows
  7366 | D:8      | Reached skill level 5 in Crossbows
  7366 | D:8      | Reached skill level 5 in Throwing
  7366 | D:8      | Reached skill level 5 in Dodging
  7366 | D:8      | Reached skill level 5 in Stealth
  7366 | D:8      | Reached skill level 5 in Unarmed Combat
  7366 | D:8      | Reached skill level 5 in Spellcasting
  7366 | D:8      | Reached skill level 5 in Evocations
  7371 | D:8      | Killed a manticore
  7498 | D:8      | Found a runed translucent gate.
  7499 | D:8      | Found a runed translucent gate.
  7500 | D:8      | Found a runed translucent gate.
  7502 | D:8      | Noticed deifeln's ghost (novice TeBe)
  7503 | D:8      | Found a viscous altar of Jiyva.
  7859 | D:9      | Reached * piety under Okawaru
  7877 | D:9      | Noticed a cyclops
  7894 | D:9      | Killed a cyclops
  8361 | D:9      | Found Emerph's Assorted Antiques.
  8377 | D:9      | Reached ** piety under Okawaru
  8384 | D:9      | Bought a scroll of enchant weapon for 225 gold pieces
  8451 | D:10     | Entered Level 10 of the Dungeon
  8628 | D:10     | Reached skill level 5 in Air Magic
  8753 | D:10     | Noticed an ice statue
  8782 | D:10     | Noticed Erica
  8787 | D:10     | Killed Erica
  8787 | D:10     | Reached XP level 11. HP: 81/87 MP: 19/19
  8888 | D:10     | Reached *** piety under Okawaru
  8902 | D:10     | Reached skill level 5 in Conjurations
  8902 | D:10     | Reached skill level 5 in Hexes
  8902 | D:10     | Reached skill level 5 in Charms
  8902 | D:10     | Reached skill level 5 in Summonings
  8902 | D:10     | Reached skill level 5 in Necromancy
  8902 | D:10     | Reached skill level 5 in Translocations
  8902 | D:10     | Reached skill level 5 in Transmutations
  8902 | D:10     | Reached skill level 5 in Fire Magic
  8902 | D:10     | Reached skill level 5 in Ice Magic
  8902 | D:10     | Reached skill level 5 in Earth Magic
  8902 | D:10     | Reached skill level 5 in Poison Magic
  8934 | D:10     | Found a staircase to the Lair.
  9094 | Lair:1   | Entered Level 1 of the Lair of Beasts
  9187 | Lair:1   | Reached **** piety under Okawaru
  9217 | Lair:1   | Noticed a four-headed hydra
  9224 | Lair:1   | Killed a one-headed hydra
  9381 | Lair:1   | Noticed a four-headed hydra
  9387 | Lair:1   | Killed a one-headed hydra
  9387 | Lair:1   | Reached ***** piety under Okawaru
  9463 | Lair:1   | Received a gift from Okawaru
  9579 | Lair:1   | Reached XP level 12. HP: 96/96 MP: 22/22
  9593 | Lair:1   | Found a dark tunnel.
  9637 | Volcano  | Entered a volcano
  9784 | Volcano  | Found a bloodstained altar of Trog.
  9784 | Volcano  | Noticed a red draconian
  9795 | Volcano  | Killed a red draconian
 10486 | Lair:2   | Got a dazzling chain mail
 10512 | Lair:2   | Identified the +6 chain mail of the Lost Dances {rElec rF-
                  | rC+++ Int-2} (You found it on level 2 of the Lair of
                  | Beasts)
 10662 | Lair:2   | Reached skill level 10 in Fighting
 10662 | Lair:2   | Reached skill level 10 in Armour
 10662 | Lair:2   | Reached skill level 10 in Shields
 11273 | Lair:3   | Received a gift from Okawaru
 11294 | Lair:3   | Reached XP level 13. HP: 92/103 MP: 18/24
 11306 | Lair:3   | Received a gift from Okawaru
 11382 | Lair:3   | Found a staircase to the Shoals.
 11539 | Lair:3   | Received a gift from Okawaru
 11604 | Lair:3   | Got a steaming ring mail
 11627 | Lair:3   | Identified the +0 ring mail "Josuymp" {*Drain rC+ Int+3
                  | Dex+3} (You found it on level 3 of the Lair of Beasts)
 11846 | Lair:3   | Found a hole to the Spider Nest.
 12236 | Lair:4   | Noticed Nessos
 12252 | Lair:4   | HP: 4/104 [Nessos/arrow (7)]
 12254 | Lair:4   | Killed Nessos
 12254 | Lair:4   | Received a gift from Okawaru
 12328 | Lair:4   | Found a frozen archway.
 12347 | IceCv    | Entered an ice cave
 12393 | IceCv    | Received a gift from Okawaru
 12613 | IceCv    | Received a gift from Okawaru
 12714 | IceCv    | Noticed a frost giant
 12723 | IceCv    | Killed a frost giant
 12734 | IceCv    | Received a gift from Okawaru
 12841 | IceCv    | Got a scorched hat
 12847 | IceCv    | Identified the +2 hat of Somewhere Else {-Cast -Tele rPois
                  | rC+++} (You found it in an ice cave)
 13680 | Lair:5   | Reached XP level 14. HP: 111/111 MP: 19/26
 13776 | Lair:5   | Found a staircase to the Slime Pits.
 14077 | Lair:5   | Reached skill level 10 in Maces & Flails
 14782 | Lair:6   | Entered Level 6 of the Lair of Beasts
 14973 | Lair:6   | Received a gift from Okawaru
 14982 | Lair:6   | Noticed Kirke
 15001 | Lair:6   | Killed Kirke
 15001 | Lair:6   | Received a gift from Okawaru
 15001 | Lair:6   | Reached skill level 10 in Invocations
 15024 | Lair:6   | Reached skill level 10 in Air Magic
 15138 | Lair:6   | Noticed Josephine
 15146 | Lair:6   | Killed Josephine
 15440 | Lair:6   | Found a burning altar of Makhleb.
 15499 | Lair:6   | Found a gateway to Hell.
 17066 | D:12     | Found a staircase to the Orcish Mines.
 17310 | D:12     | Reached XP level 15. HP: 119/119 MP: 26/28
 17387 | D:12     | Noticed Nergalle
 17397 | D:12     | Killed Nergalle
 17646 | D:12     | Noticed an orc warlord
 17667 | D:12     | Killed an orc warlord
 17667 | D:12     | Received a gift from Okawaru
 17821 | D:12     | Found a roughly hewn altar of Beogh.
 18060 | D:12     | Found a runed translucent door.
 18110 | D:12     | Received a gift from Okawaru
 18206 | Orc:1    | Entered Level 1 of the Orcish Mines
 18206 | Orc:1    | Found a roughly hewn altar of Beogh.
 18209 | Orc:1    | Found Eho Osiffe's Weapon Shoppe.
 18307 | Orc:1    | Noticed an orc warlord
 18328 | Orc:1    | Killed an orc warlord
 18359 | Orc:1    | Noticed Cegaung's ghost (journeyman TrMo)
 18361 | Orc:1    | Found a bloodstained altar of Trog.
 18367 | Orc:1    | Identified the +11 battleaxe of Syvic {vamp, rPois}
 18714 | Orc:1    | Found a transporter.
 18722 | Orc:1    | Found a transporter.
 19024 | Orc:2    | Entered Level 2 of the Orcish Mines
 19202 | Orc:2    | Found a staircase to the Elven Halls.
 19249 | Orc:2    | Found a deep blue altar of Sif Muna.
 19301 | Orc:2    | Reached skill level 10 in Short Blades
 19301 | Orc:2    | Reached skill level 10 in Long Blades
 19301 | Orc:2    | Reached skill level 10 in Axes
 19301 | Orc:2    | Reached skill level 10 in Polearms
 19301 | Orc:2    | Reached skill level 10 in Staves
 19301 | Orc:2    | Reached skill level 10 in Slings
 19301 | Orc:2    | Reached skill level 10 in Bows
 19301 | Orc:2    | Reached skill level 10 in Crossbows
 19301 | Orc:2    | Reached skill level 10 in Throwing
 19301 | Orc:2    | Reached skill level 10 in Dodging
 19301 | Orc:2    | Reached skill level 10 in Stealth
 19301 | Orc:2    | Reached skill level 10 in Unarmed Combat
 19301 | Orc:2    | Reached skill level 10 in Spellcasting
 19301 | Orc:2    | Reached skill level 10 in Evocations
 19316 | Orc:2    | Found a roughly hewn altar of Beogh.
 19360 | Orc:2    | Found Nedwozon's Weapon Boutique.
 19392 | Orc:2    | Found Pabiom's Antique Weapon Emporium.
 19494 | Orc:2    | Found Zym Qatofocs's Jewellery Emporium.
 19731 | Orc:2    | Found Cezoov's Weapon Boutique.
 19751 | Orc:2    | Received a gift from Okawaru
 19872 | Orc:2    | Found Perchec's Gadget Shop.
 20134 | D:13     | Received a gift from Okawaru
 20154 | D:13     | Noticed Frances
 20206 | D:13     | Noticed Sonja
 20206 | D:13     | Noticed Urug
 20295 | D:13     | Killed Urug
 20295 | D:13     | Received a gift from Okawaru
 20308 | D:13     | Killed Sonja
 20709 | D:14     | Noticed Snorg
 20721 | D:14     | Killed Snorg
 20721 | D:14     | Received a gift from Okawaru
 20797 | D:14     | Received a gift from Okawaru
 20797 | D:14     | Reached XP level 16. HP: 116/127 MP: 27/30
 20826 | D:14     | Identified Riurgh's Compendium of Axaxaxas mlö
 20889 | D:14     | Identified Ajaxux's Catalogue of Combed Thunderclap
 20900 | D:14     | Identified the Almanac of Dhcmrlchtdj
 21006 | D:14     | Found a gate to the Vaults.
 21239 | D:15     | Entered Level 15 of the Dungeon
 21503 | D:15     | Received a gift from Okawaru
 21535 | D:15     | Found a staircase to the Depths.
 22149 | Shoals:1 | Entered Level 1 of the Shoals
 22198 | Shoals:1 | Received a gift from Okawaru
 23065 | Shoals:2 | Reached ****** piety under Okawaru
 23073 | Shoals:2 | Received a gift from Okawaru
 23323 | Shoals:3 | Found an iron altar of Okawaru.
 24062 | Shoals:3 | Reached XP level 17. HP: 43/135 MP: 7/32
 24383 | Shoals:3 | Got a jewelled chain mail
 24394 | Shoals:3 | Identified the cursed +0 chain mail "Janasoc" {Regen+
                  | Int+2} (You found it on level 3 of the Shoals)
 24719 | D:4      | Bought the ring "Qailum Pash" {rElec rF+ rC- Str+4 Int+2}
                  | for 452 gold pieces
 24996 | Spider:1 | Entered Level 1 of the Spider Nest
 25040 | Spider:1 | Received a gift from Okawaru
 25079 | Spider:1 | Blown up by an orb spider

Skill      XL: |  1  2  3  4  5  6  7  8  9 10 11 12 13 14 15 16 17 |
---------------+----------------------------------------------------+-----
Invocations    | 1 2 3 4 5 6 7 8 9 10 11 12 | 12.0
Short Blades   | 1 2 3 4 5 6 7 8 9 10 11 | 11.1
Long Blades    | 1 2 3 4 5 6 7 8 9 10 11 | 11.1
Axes           | 1 2 3 4 5 6 7 8 9 10 11 | 11.1
Polearms       | 1 2 3 4 5 6 7 8 9 10 11 | 11.1
Staves         | 1 2 3 4 5 6 7 8 9 10 11 | 11.1
Slings         | 1 2 3 4 5 6 7 8 9 10 11 | 11.1
Bows           | 1 2 3 4 5 6 7 8 9 10 11 | 11.1
Crossbows      | 1 2 3 4 5 6 7 8 9 10 11 | 11.1
Throwing       | 1 2 3 4 5 6 7 8 9 10 11 | 11.1
Dodging        | 1 2 3 4 5 6 7 8 9 10 11 | 11.1
Stealth        | 1 2 3 4 5 6 7 8 9 10 11 | 11.1
Unarmed Combat | 1 2 3 4 5 6 7 8 9 10 11 | 11.1
Spellcasting   | 1 2 3 4 5 6 7 8 9 10 11 | 11.1
Evocations     | 1 2 3 4 5 6 7 8 9 10 11 | 11.1
Conjurations   | 1 2 3 4 5 6 7 8 9 |  9.5
Hexes          | 1 2 3 4 5 6 7 8 9 |  9.5
Charms         | 1 2 3 4 5 6 7 8 9 |  9.5
Summonings     | 1 2 3 4 5 6 7 8 9 |  9.5
Necromancy     | 1 2 3 4 5 6 7 8 9 |  9.5
Translocations | 1 2 3 4 5 6 7 8 9 |  9.5
Transmutations | 1 2 3 4 5 6 7 8 9 |  9.5
Fire Magic     | 1 2 3 4 5 6 7 8 9 |  9.5
Ice Magic      | 1 2 3 4 5 6 7 8 9 |  9.5
Air Magic      | 1 2 3 4 5 6 8 9 10 11 12 | 12.3
Earth Magic    | 1 2 3 4 5 6 7 8 9 |  9.5
Poison Magic   | 1 2 3 4 5 6 7 8 9 |  9.5
Maces & Flails | 5 6 7 8 9 10 11 | 11.9
Fighting       | 7 8 9 10 11 12 | 12.6
Armour         | 7 8 9 10 11 12 | 12.6
Shields        | 7 8 9 10 11 12 | 12.6

Action                   |  1- 3 |  4- 6 |  7- 9 | 10-12 | 13-15 | 16-18 || total
-------------------------+-------+-------+-------+-------+-------+-------++-------
Melee: Flail             |    66 |   225 |   239 |       |       |       ||   530
       Bite              |     9 |    23 |    42 |    41 |   173 |    83 ||   371
       Lajatang          |       |       |    70 |   401 |  1183 |   551 ||  2205
       Scimitar          |       |       |       |     9 |    15 |     4 ||    28
       Punch             |       |       |       |     2 |     2 |       ||     4
Throw: Javelin           |       |       |    70 |       |    16 |    10 ||    96
Invok: Heroism           |       |       |       |    10 |    28 |    12 ||    50
       Finesse           |       |       |       |     2 |    13 |     2 ||    17
 Abil: Evoke Invisibilit |       |       |     5 |     2 |     4 |     2 ||    13
Evoke: Wand              |       |       |     1 |     7 |       |       ||     8
  Use: Scroll            |       |     5 |     7 |    12 |    14 |     7 ||    45
       Potion            |       |       |    10 |       |     5 |     2 ||    17
 Stab: Distracted        |       |     1 |       |       |     3 |     3 ||     7
       Invisible         |       |       |    10 |     7 |    15 |     3 ||    35
       Sleeping          |       |       |       |       |    35 |    14 ||    49
  Eat: Chunk             |       |     8 |     7 |    15 |    31 |    11 ||    72
       Ration            |       |     1 |     2 |       |     1 |     2 ||     6
Armor: Scale mail        |    19 |    54 |       |       |       |       ||    73
       Chain mail        |       |    13 |   189 |   275 |    58 |    29 ||   564
       Ring mail         |       |       |       |       |   342 |   153 ||   495
Dodge: Dodged            |    10 |    76 |   152 |   299 |   991 |   518 ||  2046
Block: Shield            |    38 |   117 |   236 |       |       |       ||   391
       Rpst.: Scimitar   |       |       |       |       |     3 |     4 ||     7
